 Dungeon Crawl Stone Soup version 0.25.0-9-g26727b657a (webtiles) character file.

Game seed: 2345954400056403178

4430 kitty14015 the Blocker (level 10, -8/60 HPs)
             Began as a Deep Dwarf Fighter on June 21, 2020.
             Was an Elder of Makhleb.
             Collided with a crystal wall (14 damage)
             ... caused by a wretched star
             ... on level 2 of the Abyss.
             The game lasted 00:31:22 (6698 turns).

kitty14015 the Blocker (Deep Dwarf Fighter)         Turns: 6698, Time: 00:31:23

Health: -8/60      AC:  9    Str: 23 (24) XL:     10   Next: 14%
Magic:  5/5        EV:  5    Int:  9 (10) God:    Makhleb [****..]
Gold:   360        SH: 11    Dex:  6 (8)  Spells: 9/9 levels left

rFire    . . .     SeeInvis .   u - +5 whip
rCold    . . .     Gourm    .   c - +0 kite shield
rNeg     . . .     Faith    +   i - +0 plate armour
rPois    .         Spirit   .   (no helmet)
rElec    .         Reflect  .   (no cloak)
rCorr    .         Harm     .   N - +0 pair of gloves
MR       +....                  (no boots)
Stlth    ..........             j - amulet of faith
HPRegen  0.00/turn              q - +6 ring of strength
MPRegen  0.09/turn              E - ring of wizardry

@: non-regenerating
A: damage resistance, heal wounds, [blurry vision 3], [clumsy 2], [deformed
body], [deterioration 2], [frail 3], sense surroundings 2, [weak 2], no
regeneration
a: Heal Wounds, Minor Destruction, Lesser Servant of Makhleb, Major Destruction,
Renounce Religion


You were on level 2 of the Abyss.
You worshipped Makhleb.
Makhleb was greatly pleased with you.
You were not hungry.

You visited 1 branch of the dungeon, and saw 8 of its levels.
You visited the Abyss 1 time.

You collected 360 gold pieces.

Inventory:

Hand Weapons
 a - a +0 war axe
 u - a +5 whip (weapon)
 L - a +3 flail
Missiles
 e - 45 boomerangs (quivered)
 g - 2 throwing nets
Armour
 b - a +0 scale mail
 c - a +0 kite shield (worn)
 i - a +0 plate armour (worn)
 M - a +0 cloak
 N - a +0 pair of gloves (worn)
Jewellery
 j - an amulet of faith (around neck)
 q - a +6 ring of strength (left hand)
 E - a ring of wizardry (right hand)
 F - an uncursed amulet of guardian spirit
Wands
 d - a wand of clouds (5)
 K - a wand of paralysis (3)
 O - a wand of flame (9)
Scrolls
 k - 6 scrolls of teleportation
 l - a scroll of identify
 o - a scroll of random uselessness {unknown}
 s - a scroll of enchant weapon
 v - 4 scrolls of remove curse
 w - a scroll of fog {unknown}
 x - a scroll of noise {unknown}
 y - 2 scrolls of magic mapping
 D - a scroll of blinking {unknown}
 G - a scroll of amnesia {unknown}
 J - a scroll of immolation {unknown}
Potions
 h - a potion of berserk rage
 m - 3 potions of haste
 n - a potion of resistance
 p - a potion of magic
 r - a potion of cancellation {unknown}
 t - 2 potions of brilliance
 z - 2 potions of lignification
 A - a potion of invisibility {unknown}
 B - a potion of ambrosia {unknown}
 C - a potion of curing {unknown}
 H - 2 potions of flight
 I - a potion of mutation {unknown}
Comestibles
 f - 12 rations


   Skills:
 - Level 4.2 Fighting
 - Level 3.0(6.7) Axes
 + Level 8.7(8.9) Maces & Flails
 - Level 1.4 Throwing
 - Level 8.0 Armour
 - Level 0.6 Stealth
 + Level 9.2 Shields
 + Level 5.2 Invocations


You had 9 spell levels left.
You didn't know any spells.
Your spell library was empty.

Dungeon Overview and Level Annotations

Branches:
Dungeon (8/15)             Temple (0/1) D:7
   Lair: D:8-11

Altars:
Elyvilon
Gozag
Kikubaaqudgha
Makhleb
Qazlal
Trog
Vehumet
Xom
Zin

Annotations:
D:4 2 transporters, Acheron's ghost, amateur MfFE
D:8 Psyche


Innate Abilities, Weirdness & Mutations

You are resistant to damage.
You can heal yourself by infusing magical energy.
You passively map the area around you.
You do not regenerate.
[Scrolls take you much longer to read.]
[You are very clumsy. (Dex -4)]
[Armour fits poorly on your strangely shaped body.]
[Your body often deteriorates upon taking damage.]
[You are extremely frail. (-30% HP)]
[You are very weak. (Str -4)]


Message History

The floor.
You hit the wretched star.
The wretched star is lightly damaged.
The wretched star glows turbulently.
The lance of force misses you.
You hit the wretched star but do no damage.
The wretched star is lightly damaged.
You barely miss the wretched star.
The wretched star is lightly damaged.
You hit the wretched star.
The wretched star is lightly damaged.
You barely miss the wretched star.
The wretched star is lightly damaged.
The wretched star glows turbulently.
The lance of force hits you!!
* * * LOW HITPOINT WARNING * * *
Your body deteriorates!
You feel dopey.
You are knocked back by the lance of force.
You slam into the crystal wall!
You die...

## #.# .. #.# # # #.# #
. ##..# .##.. #@#.#
##..##.# ## # ##.####..
.##.#..# ...#..*..#
........
.......................
................## .#.
..............>.##. ##
>....#.....#...... . ##
#...###...###.... .. ..
.... #.....#....## .#.


You could see a wretched star.

Vanquished Creatures
  A hornet (D:7)
  A spriggan (D:7)
  A wyvern (D:8)
  2 orc warriors
  A hornet zombie (D:7)
  A black bear (D:8)
  An ice beast (D:7)
  6 ogres
  2 phantoms
  4 sky beasts
  4 centaurs
  2 big kobolds (D:7)
  A bullfrog (D:8)
  5 killer bees (D:7)
  2 howler monkeys
  4 crimson imps
  2 jellies
  7 orc wizards
  2 centaur skeletons
  A gnoll shaman (D:7)
  4 orc priests
  An iguana (D:5)
  4 worker ants
  Natasha (twice) (D:4)
  7 adders
  7 gnolls (D:7)
  A shadow imp (D:6)
  2 oozes
  2 worms
  5 leopard geckos
  20 orcs
  6 bats
  7 giant cockroaches
  8 goblins
  9 hobgoblins
  7 jackals
  8 kobolds
  2 ball pythons
  8 frilled lizards
  A leopard gecko zombie (D:7)
  10 rats
171 creatures vanquished.

Vanquished Creatures (collateral kills)
  A smoke demon (Abyss:2)
  A flying skull (Abyss:2)
  An orc warrior (D:7)
  4 ogres (D:7)
  A centaur (D:7)
  2 gnoll shamans (D:7)
  A gnoll (D:7)
  2 orcs (D:7)
  A plant (D:7)
14 creatures vanquished.

Vanquished Creatures (others)
  A raiju (Abyss:2)
  6 fungi (D:7)
  15 plants (D:7)
  6 tentacles (Abyss:2)
28 creatures vanquished.

Grand Total: 213 creatures vanquished

Notes
Turn   | Place    | Note
-------+----------+-------------------------------------------
     0 | D:1      | kitty14015 the Deep Dwarf Fighter began the quest for the
                  | Orb.
     0 | D:1      | Reached XP level 1. HP: 20/20 MP: 1/1
    80 | D:1      | Reached XP level 2. HP: 27/27 MP: 2/2
   571 | D:1      | Reached XP level 3. HP: 26/34 MP: 3/3
  1165 | D:2      | Found a burning altar of Makhleb.
  1174 | D:2      | Became a worshipper of Makhleb the Destroyer
  1423 | D:2      | Found a faded altar of an unknown god.
  1514 | D:2      | Found an ancient bone altar of Kikubaaqudgha.
  1544 | D:2      | Reached skill level 4 in Shields
  1604 | D:2      | Found a bloodstained altar of Trog.
  1833 | D:3      | Found a stormy altar of Qazlal.
  1846 | D:3      | Reached XP level 4. HP: 42/42 MP: 4/4
  1873 | D:3      | Found a white marble altar of Elyvilon.
  1995 | D:3      | Reached * piety under Makhleb
  2139 | D:3      | Reached XP level 5. HP: 48/49 MP: 5/5
  2290 | D:3      | Reached skill level 1 in Maces & Flails
  2556 | D:4      | Noticed an ogre
  2563 | D:4      | HP: 1/49 [ogre/+0 giant club (18)]
  2564 | D:4      | Killed an ogre
  2847 | D:4      | You fall into a shaft and drop 1 floor!
  2847 | D:5      | Entered Level 5 of the Dungeon
  2848 | D:5      | Noticed a sky beast
  2888 | D:5      | Killed a sky beast
  2888 | D:5      | Reached XP level 6. HP: 45/56 MP: 5/5
  2892 | D:5      | Found a radiant altar of Vehumet.
  3071 | D:5      | Reached ** piety under Makhleb
  3078 | D:5      | Reached XP level 7. HP: 58/63 MP: 6/6
  3534 | D:4      | Reached skill level 5 in Armour
  3534 | D:4      | Reached skill level 5 in Shields
  3690 | D:4      | Noticed Natasha
  3700 | D:4      | Killed Natasha
  3748 | D:4      | Noticed Acheron's ghost (amateur MfFE)
  3760 | D:4      | Found a transporter.
  3780 | D:4      | Found a transporter.
  3890 | D:4      | Reached skill level 5 in Maces & Flails
  3890 | D:4      | Reached skill level 1 in Invocations
  4051 | D:4      | Noticed Natasha
  4059 | D:4      | Killed Natasha
  4083 | D:4      | Found a glowing silver altar of Zin.
  4144 | D:5      | Reached XP level 8. HP: 45/72 MP: 7/7
  4600 | D:6      | Found an opulent altar of Gozag.
  4633 | D:6      | Reached skill level 6 in Shields
  5181 | D:7      | Reached *** piety under Makhleb
  5206 | D:7      | Reached skill level 1 in Throwing
  5370 | D:7      | Found a staircase to the Ecumenical Temple.
  5417 | D:7      | Gained mutation: You passively map the area around you.
                  | [Deep Dwarf growth]
  5417 | D:7      | Reached XP level 9. HP: 78/78 MP: 7/7
  5433 | D:7      | Found a shimmering altar of Xom.
  5502 | D:7      | Reached skill level 7 in Shields
  5568 | D:7      | Reached skill level 5 in Invocations
  5637 | D:7      | Paralysed by a hornet for 3 turns
  5938 | D:7      | Reached skill level 8 in Shields
  6003 | D:7      | HP: 3/78 [orc warrior/boomerang (14)]
  6032 | D:7      | Reached **** piety under Makhleb
  6442 | D:8      | Reached XP level 10. HP: 45/86 MP: 6/6
  6479 | D:8      | Reached skill level 9 in Shields
  6555 | D:8      | Noticed Psyche
  6556 | D:8      | Cast into level 2 of the Abyss (Psyche)
  6603 | Abyss:2  | Noticed a smoke demon
  6611 | Abyss:2  | Noticed a bone dragon
  6616 | Abyss:2  | Killed a smoke demon
  6635 | Abyss:2  | Noticed a kraken
  6664 | Abyss:2  | Noticed a wretched star
  6698 | Abyss:2  | Collided with a crystal wall

Illustrated notes

Levels and vault maps discovered:
D:1:      erik_arrival_blinker_ship, layout_basic
D:2:      layout_basic, kiku_gazebo_garden_becter, lightli_temple_of_fire,
          lemuel_crystal_altar, chequers_ecumenical_altar_simple_redux,
          minmay_misc_feat_pillars
D:3:      layout_basic, lemuel_round_altar, elyvilon_altar_4
D:4:      layout_loops_ring, nicolae_overflow_hidden_temple,
          gammafunk_ghost_stat_death, uniq_natasha
D:5:      layout_basic, lemuel_doored_altar, nicolae_ossuary_entry_plus,
          first_ration
D:6:      layout_rooms, nicolae_gozag_cash_rules_everything_around_me
D:7:      kennysheep_seaside_town, layout_gridville, old_standard_altar,
          minmay_temple_entry_fiery, the_bakery,
          hangedman_abyss_or_decor_jellyfish_corner
D:8:      layout_basic, old_standard_altar, lemuel_crystal_altar,
          minmay_between, uniq_psyche
Abyss:2:  base: D:5, evilmike_abyss_exit_5, evilmike_abyss_exit_kraken,
          evilmike_abyss_exit_kraken

Skill      XL: |  1  2  3  4  5  6  7  8  9 10 |
---------------+-------------------------------+-----
Fighting       | 3 4 |  4.2
Axes           | 3 |  3.0
Shields        | 4 5 6 8 9 |  9.2
Armour         | 4 5 6 8 |  8.0
Maces & Flails | 3 4 5 6 8 |  8.7
Invocations    | 2 4 5 |  5.2
Throwing       | 1 |  1.4
Stealth        | |  0.6

Action                   |  1- 3 |  4- 6 |  7- 9 | 10-12 || total
-------------------------+-------+-------+-------+-------++-------
Melee: War axe           |   146 |       |       |       ||   146
       Whip              |     3 |   169 |   561 |    48 ||   781
Throw: Boomerang         |     3 |     7 |    15 |       ||    25
Invok: Lesser Servant of |       |       |     3 |     4 ||     7
       Major Destruction |       |       |       |     1 ||     1
 Abil: Heal Wounds       |     1 |     2 |    19 |     5 ||    27
  Use: Scroll            |     5 |     1 |     7 |     3 ||    16
       Potion            |       |     1 |       |       ||     1
  Eat: Chunk             |     3 |     3 |     6 |       ||    12
       Ration            |       |     1 |     1 |     1 ||     3
Armor: Scale mail        |    49 |       |       |       ||    49
       Plate armour      |    33 |    68 |   249 |    27 ||   377
Dodge: Dodged            |    46 |    21 |   103 |     7 ||   177
Block: Kite shield       |    95 |    81 |   256 |    38 ||   470
